Map: Oxide LE

Players

PartinG

  • Race: Protoss Protoss
  • Spawn Location: 1:00

Rogue - Winner!

  • Race: Zerg Zerg
  • Spawn Location: 7:00

Event: IEM Katowice 2021

VOD

Have the link to the VOD?

Description

Time

  • Played on: Feb. 25, 2021, 10:09 a.m.
  • Length: 10:23

All games in this series

Show
View Real Time Build Order
Export as new Build Order

PartinG Protoss 

Build Orders: 1 Gate Expand, Carrier Rush 

Get SALT Encoding   

  12  0:00  Probe  
  13  0:12  Probe  
  14  0:17  Pylon  
  14  0:24  Probe (Chrono Boost)  
  15  0:36  Probe (Chrono Boost)  
  15  0:37  Gateway  
  16  0:45  Probe (Chrono Boost)  
  17  0:51  Probe  
  18  1:11  Nexus  
  18  1:18  Assimilator  
  18  1:19  Probe  
  19  1:25  Assimilator  
  19  1:31  Probe (Chrono Boost)  
  20  1:37  Cybernetics Core  
  20  1:43  Probe (Chrono Boost)  
  21  1:49  Pylon  
  21  1:51  Probe (Chrono Boost)  
  22  1:59  Probe  
  23  2:12  Probe (Chrono Boost)  
  24  2:16  Stargate  
  24  2:17  Adept  
  27  2:24  Probe (Chrono Boost)  
  27  2:25  Probe (Chrono Boost)  
  27  2:28  Warp Gate  
  28  2:32  Probe (Chrono Boost)  
  28  2:33  Probe (Chrono Boost)  
  30  2:38  Probe  
  30  2:39  Probe  
  32  2:48  Zealot  
  32  2:50  Probe  
  35  2:51  Probe  
  35  2:53  Void Ray (Chrono Boost)  
  36  3:02  Probe  
  36  3:03  Probe  
  42  3:10  Gateway  
  42  3:15  Probe  
  42  3:16  Pylon  
  42  3:17  Probe  
  44  3:24  Assimilator  
  44  3:26  Assimilator  
  44  3:28  Void Ray (Chrono Boost), Probe  
  44  3:29  Probe  
  46  3:40  Probe  
  51  3:41  Probe  
  51  3:47  Pylon  
  52  3:52  Probe  
  52  3:53  Probe  
  52  3:54  Pylon  
  54  4:00  Fleet Beacon  
  54  4:05  Probe  
  54  4:06  Probe  
  56  4:11  Stargate  
  56  4:19  Probe  
  56  4:20  Probe  
  56  4:21  Pylon  
  58  4:32  Nexus  
  60  4:41  Shield Battery  
  58  4:49  Probe x2  
  66  4:57  Carrier (Chrono Boost)  
  72  5:00  Carrier (Chrono Boost)  
  72  5:05  Twilight Council  
  74  5:11  Pylon  
  74  5:15  Pylon  
  74  5:20  Gateway x2  
  72  5:25  Adept x2  
  76  5:31  Robotics Facility  
  76  5:33  Probe x2  
  78  5:37  Resonating Glaives (Chrono Boost)  
  78  5:41  Forge  
  78  5:46  Probe x2  
  78  5:47  Probe  
  81  5:51  Adept  
  81  5:53  Adept  
  85  5:58  Probe x2  
  85  5:59  Probe  
  88  6:08  Gateway  
  88  6:09  Gateway  
  88  6:14  Adept x2  
  92  6:18  Adept x2  
  92  6:20  Observer  
  96  6:26  Probe x3  
  93  6:37  Adept x2  
  93  6:38  Probe x3  
  96  6:44  Adept x2  
  100  6:50  Probe x3  
  103  6:55  Blink (Chrono Boost)  
  103  6:57  Observer  
  103  6:58  Robotics Bay  
  98  7:02  Probe x2  
  98  7:03  Probe  
  98  7:05  Protoss Ground Weapons Level 1 (Chrono Boost)  
  98  7:07  Stalker  
  98  7:08  Stalker, Assimilator x2  
  105  7:14  Pylon x2  
  105  7:15  Pylon, Probe  
  104  7:27  Robotics Facility  
  104  7:34  Probe x2  
  106  7:39  Stalker x4  
  106  7:40  Photon Cannon  
  106  7:43  Photon Cannon  
  114  7:44  Shield Battery x2  
  117  7:54  Sentry x2  
  117  7:55  Shield Battery  
  120  8:01  Disruptor (Chrono Boost)  
  120  8:05  Stalker x4  
  120  8:11  Gateway  
  120  8:12  Gateway  
  128  8:17  Photon Cannon  
  128  8:18  Shield Battery  
  131  8:20  Stalker  
  131  8:24  Pylon  
  131  8:25  Pylon  
  133  8:27  Pylon  
  133  8:34  Pylon  
  131  8:39  Disruptor (Chrono Boost)  
  131  8:44  Stalker x3  
  131  8:45  Stalker  
  108  9:11  Zealot x6  
  108  9:14  Cybernetics Core  
  97  9:32  Probe  
  97  9:36  Zealot x3  
  97  9:37  Zealot x3  
  97  9:42  Pylon  
  68  9:56  Stalker x2  
  68  9:57  Stalker x4  
Show
View Real Time Build Order
Export as new Build Order

Rogue Zerg - Winner!

Build Orders: Hatch First, Roach Hydra 

Get SALT Encoding   

  12  0:00  Drone  
  13  0:12  Overlord  
  13  0:17  Drone  
  14  0:31  Drone x2  
  16  0:48  Drone  
  17  0:52  Hatchery  
  17  0:54  Drone  
  17  0:57  Drone  
  18  1:09  Extractor  
  17  1:13  Spawning Pool  
  17  1:15  Drone  
  17  1:19  Drone  
  18  1:28  Drone  
  19  1:41  Overlord  
  19  1:53  Drone  
  20  2:00  Queen  
  20  2:01  Zergling x2  
  23  2:05  Zergling x2, Queen  
  26  2:11  Drone  
  26  2:13  Metabolic Boost  
  27  2:16  Drone  
  27  2:21  Drone  
  29  2:29  Drone  
  30  2:32  Drone  
  31  2:40  Hatchery  
  30  2:45  Queen  
  30  2:49  Overlord  
  32  2:52  Drone  
  32  2:55  Drone  
  32  2:57  Drone  
  35  2:59  Drone  
  36  3:10  Drone x2  
  38  3:14  Drone  
  38  3:15  Drone x2  
  38  3:17  Overlord  
  41  3:22  Queen  
  41  3:24  Drone  
  44  3:31  Overlord, Spore Crawler  
  44  3:34  Overlord  
  44  3:41  Drone  
  44  3:43  Spore Crawler  
  44  3:45  Drone  
  44  3:52  Drone x4  
  44  3:53  Drone, Pneumatized Carapace  
  44  3:54  Drone  
  50  3:56  Drone  
  50  3:58  Drone  
  52  4:04  Queen  
  54  4:10  Drone x3  
  54  4:14  Drone x2  
  54  4:15  Drone x2  
  61  4:20  Overlord  
  61  4:22  Drone  
  62  4:24  Queen  
  63  4:31  Roach Warren  
  63  4:33  Zergling x2  
  63  4:34  Zergling x6  
  66  4:38  Drone  
  66  4:41  Queen  
  66  4:43  Drone x4  
  73  4:45  Extractor  
  73  4:47  Extractor  
  73  4:48  Overlord  
  71  4:55  Lair  
  71  4:57  Drone x3  
  71  4:58  Overlord  
  74  5:04  Overlord  
  74  5:07  Drone x4  
  74  5:08  Drone x2  
  74  5:14  Extractor, Overlord  
  79  5:15  Extractor x2  
  79  5:16  Queen  
  79  5:17  Drone  
  79  5:18  Drone x2  
  79  5:20  Evolution Chamber, Drone  
  82  5:24  Drone  
  82  5:25  Drone x2  
  82  5:26  Drone  
  82  5:27  Drone  
  82  5:28  Drone  
  88  5:31  Drone x2  
  90  5:37  Drone x3  
  90  5:40  Drone x2  
  95  5:45  Overlord  
  95  5:48  Overlord  
  95  5:49  Queen  
  97  5:54  Hydralisk Den, Queen, Zerg Missile Weapons Level 1  
  98  5:58  Evolution Chamber  
  98  5:59  Overseer  
  98  6:03  Overlord x2  
  97  6:04  Overlord  
  97  6:07  Overlord  
  97  6:18  Overlord  
  96  6:35  Hydralisk x4  
  96  6:36  Hydralisk x10  
  122  6:44  Zerg Ground Armor Level 1  
  122  6:45  Glial Reconstitution  
  122  6:47  Roach x3  
  122  6:51  Roach  
  128  6:56  Roach  
  128  6:57  Roach x2  
  128  7:00  Spine Crawler x2, Grooved Spines  
  130  7:04  Roach x2  
  130  7:06  Roach  
  136  7:10  Roach  
  136  7:15  Roach x5  
  147  7:18  Overseer, Overlord  
  147  7:22  Roach x2  
  149  7:26  Overlord  
  149  7:29  Overseer  
  148  7:36  Overlord  
  150  7:38  Roach x3  
  156  7:45  Roach  
  156  7:49  Hatchery, Roach x6  
  168  7:53  Roach  
  168  7:54  Overlord  
  168  7:55  Roach  
  172  7:59  Overlord  
  172  8:01  Overlord  
  172  8:05  Ravager x5  
  175  8:06  Zergling x2  
  175  8:07  Zergling x4  
  175  8:12  Muscular Augments, Roach x3  
  180  8:17  Infestation Pit  
  180  8:19  Zergling x12  
  185  8:24  Roach  
  185  8:25  Roach x3  
  191  8:35  Roach  
  191  8:38  Roach x2  
  191  8:41  Roach x2  
  181  8:43  Roach x6  
  181  8:47  Hydralisk  
  193  8:55  Hydralisk x2  
  189  8:58  Roach x2  
  189  9:01  Hatchery  
  189  9:02  Roach x2  
  176  9:03  Roach  
  176  9:04  Roach  
  176  9:06  Roach  
  182  9:10  Roach  
  182  9:11  Roach  
  182  9:17  Roach x4  
  182  9:23  Roach x2  
  188  9:24  Roach  
  188  9:26  Roach x2  
  188  9:28  Roach  
  177  9:32  Roach  
  177  9:33  Roach  
  177  9:34  Roach  
  177  9:37  Roach  
  185  9:41  Roach  
  185  9:42  Roach x2  
  185  9:45  Roach x2  
  193  9:50  Roach x3  
  193  9:51  Roach  
  187  9:55  Roach  
  187  9:59  Roach  

Tags
 
Add a new tag
Caveats
  • Supply blocks, unpowered buildings, or Contaminate may cause inaccurate times.
  • Supply counts are checked every 10 seconds.